 Dungeon Crawl Stone Soup version 0.22.1-1-ga44c0e56f4 (webtiles) character file.

112 Nixze the Magician (level 4, -3/24 HPs)
             Began as a Deep Elf Venom Mage on Nov 5, 2018.
             Was an Initiate of Vehumet.
             Slain by a bullfrog (9 damage)
             ... on level 3 of the Dungeon.
             The game lasted 00:04:33 (2875 turns).

Nixze the Magician (Deep Elf Venom Mage)            Turns: 2875, Time: 00:04:33

Health: -3/24      AC:  2    Str:  5    XL:     4   Next: 64%
Magic:  9/12       EV: 13    Int: 21    God:    Vehumet [......]
Gold:   135        SH:  0    Dex: 15    Spells: 6/12 levels left

rFire    . . .     SeeInvis .   r - +2 great mace (protect)
rCold    . . .     Gourm    .   (shield currently unavailable)
rNeg     . . .     Faith    .   a - +0 robe
rPois    .         Spirit   .   (no helmet)
rElec    .         Reflect  .   (no cloak)
rCorr    .         Harm     .   (no gloves)
MR       .....                  (no boots)
Stlth    ++........             (no amulet)
HPRegen  0.08/turn              (no ring)
MPRegen  0.13/turn              (no ring)

@: no status effects
A: no striking features
a: Renounce Religion


You were on level 3 of the Dungeon.
You worshipped Vehumet.
Vehumet was noncommittal.
You were not hungry.

You visited 1 branch of the dungeon, and saw 3 of its levels.

You collected 135 gold pieces.

Inventory:

Hand Weapons
 r - a +2 great mace of protection (weapon)
Armour
 a - a +0 robe (worn)
Jewellery
 g - a cursed amulet of inaccuracy {unknown}
Scrolls
 f - a scroll of fear {unknown}
 h - 2 scrolls of enchant armour {unknown}
 i - a scroll of magic mapping {unknown}
 k - 2 scrolls of teleportation {unknown}
 l - a scroll of remove curse {unknown}
 m - a scroll of fog {unknown}
 o - 2 scrolls of blinking {unknown}
 p - a scroll of identify {unknown}
Potions
 b - a potion of agility {unknown}
 e - a potion of haste {unknown}
 j - a potion of heal wounds {unknown}
 n - a potion of lignification {unknown}
 q - a potion of flight {unknown}
Comestibles
 c - 7 rations


   Skills:
 - Level 2.4 Dodging
 - Level 2.4 Stealth
 + Level 4.5 Spellcasting
 + Level 2.9 Conjurations
 + Level 4.4 Poison Magic


You had 6 spell levels left.
You knew the following spells:

 Your Spells              Type           Power        Failure   Level  Hunger
a - Sting                 Conj/Pois      ###.         2%          1    None
b - Poisonous Vapours     Pois/Air       ##....       7%          2    #......
c - Mephitic Cloud        Conj/Pois/Air  ###.....     12%         3    ##.....

Your spell library contained the following spells:

 Spells                   Type           Power        Failure   Level  Hunger
 Olgreb's Toxic Radiance  Pois           ###.....     19%         4    ####...
 Venom Bolt               Conj/Pois      ###.......   56%         5    ######.


Dungeon Overview and Level Annotations

Branches:
Dungeon (3/15)

Altars:
Nemelex Xobeh
Vehumet


Message History

Confirm with . or Enter, or press ? or * to list all spells.
Aiming: Poisonous Vapours (safe; 7% risk of failure)
Press: ? - help, Dir - move target cursor, f - bullfrog
Aim: a bullfrog Poisonous vapours surround the bullfrog!
An ooze comes into view.
The bullfrog is engulfed in poison gas.
The bullfrog is poisoned.
Casting: Poisonous Vapours (safe; 7% risk of failure)
Confirm with . or Enter, or press ? or * to list all spells.
Aiming: Sting (safe; 2% risk of failure)
Press: ? - help, Shift-Dir - straight line, f/p - bullfrog
Aim: a bullfrog (lightly wounded, poisoned)
The sting misses the bullfrog.
The bullfrog hits you. x2
You closely miss the bullfrog.
The bullfrog is lightly wounded.
The bullfrog hits you!
* * * LOW HITPOINT WARNING * * *
The bullfrog hits you!
You die...

...########
#....JF@..#
#..######.# #.#
. ### ##.#
..#...#..#
......#.########
...............#
........######.#
.#......# #.#


You could see a bullfrog and an ooze.

Vanquished Creatures
  5 adders
  An ooze (D:3)
  3 leopard geckos
  2 orcs (D:3)
  A ball python (D:1)
  A giant cockroach (D:3)
  9 goblins
  10 hobgoblins
  9 kobolds
  A quokka (D:2)
  8 bats
  A frilled lizard (D:2)
  7 rats
58 creatures vanquished.

Notes
Turn   | Place    | Note
-------+----------+-------------------------------------------
     0 | D:1      | Nixze the Deep Elf Venom Mage began the quest for the Orb.
     0 | D:1      | Reached XP level 1. HP: 10/10 MP: 6/6
   146 | D:1      | Reached XP level 2. HP: 12/15 MP: 2/8
   193 | D:1      | Learned a level 2 spell: Poisonous Vapours
  1041 | D:1      | Reached XP level 3. HP: 19/19 MP: 7/10
  1745 | D:2      | Found a sparkling altar of Nemelex Xobeh.
  1750 | D:2      | Learned a level 3 spell: Mephitic Cloud
  1836 | D:2      | Reached XP level 4. HP: 14/24 MP: 1/12
  2706 | D:3      | Found a radiant altar of Vehumet.
  2715 | D:3      | Became a worshipper of Vehumet
  2871 | D:3      | Noticed a bullfrog
  2875 | D:3      | Slain by a bullfrog

Skill      XL: |  1  2  3 |
---------------+----------+-----
Conjurations   | 2 |  2.9
Spellcasting   | 4 |  4.5
Poison Magic   | 4 |  4.4
Dodging        | |  2.4
Stealth        | |  2.4

Action                   |  1- 3 |  4- 6 || total
-------------------------+-------+-------++-------
Melee: Short sword       |     3 |       ||     3
       Dagger            |     5 |     1 ||     6
       Great mace        |       |    14 ||    14
 Cast: Sting             |    22 |    10 ||    32
       Poisonous Vapours |    39 |    21 ||    60
  Eat: Chunk             |     3 |     4 ||     7
Armor: Robe              |     4 |     3 ||     7
Dodge: Dodged            |    11 |    13 ||    24
